 Dungeon Crawl Stone Soup version 0.30.1-3-gfc49f6343a (webtiles) character file.

Game seed: 16392308176711431214

692561 javelincjr the Conqueror (level 27, -20/228 HPs)
             Began as a Djinni Conjurer on Aug 1, 2023.
             Was the Champion of Qazlal.
             Killed from afar by a white draconian stormcaller (60 damage)
             ... led by a white draconian stormcaller
             ... on level 5 of the Realm of Zot on Aug 4, 2023.
             The game lasted 11:42:09 (54341 turns).

javelincjr the Conqueror (Djinni Conjurer)         Turns: 54341, Time: 11:42:10

Health: -20/228    AC: 22    Str: 15    XL:     27
Gold:   4156       EV: 23    Int: 39    God:    Qazlal [******] SH: 43 Dex: 22

rFire   + + +        W - +7 spear "Cucsoet" {drain, rC+ Str+3 Dex+5}
rCold   + + .        Z - +8 tower shield {AC+3}
rNeg    + . .        h - +4 robe of Folly {Brill Will-∞ Int+8}
rPois   ∞            L - +2 helmet {Int+3}
rElec   .            j - +2 cloak of the Ancient Mice {Harm *Slow Will+++ Regen+}
rCorr   .            D - +2 pair of gloves {Dex+3}
SInv    +            (boots unavailable)
Will    .....        f - amulet of regeneration
Stlth   +            g - ring of wizardry
HPRegen 2.18/turn    M - ring of Anlacalo {Drain rC++ rN+ Will+ Slay+3}
MPRegen 0.00/turn

%: slow self (1%), harm (+30% outgoing, +20% incoming), repel missiles, wizardry
(x1), infuse magic (-21 HP)
@: protected from fire, flying, studying 4 skills, unable to drink
A: sickness immunity, fire resistance 3, cold vulnerability 1, float, innate
caster, HP casting, extra vitality 1, large bone plates 1, see invisible, strong
1, subdued magic 1, inability to drink after injury 2, sturdy frame 1
}: 4/15 runes: serpentine, barnacled, slimy, icy
a: Renounce Religion, Upheaval, Elemental Force, Disaster Area


You were on level 5 of the Realm of Zot.
You worshipped Qazlal.
Qazlal was exalted by your worship.
You visited 16 branches of the dungeon, and saw 68 of its levels.
You visited 1 bazaar.
You visited 1 ziggurat, and saw 12 of its levels.
You also visited: Trove, Sewer, Ossuary, Ice Cave and Volcano.

You collected 8732 gold pieces.
You spent 4576 gold pieces at shops.

Inventory:

Hand Weapons
 c - the +8 broad axe of Annihilation {holy, *Noise rElec Will+ Int+3}
   (You took it off a deep elf knight on level 3 of the Elven Halls)

   Int:       It affects your intelligence (+3).
   rElec:     It insulates you from electricity.
   *Noise:    It may make noises in combat.
   Will:      It increases your willpower.
 t - the +6 spear "Esahukk" {vamp, rF++ Int+5 Dex-3}
   (You bought it in a shop on level 11 of the Dungeon)

   Int:       It affects your intelligence (+5).
   Dex:       It affects your dexterity (-3).
   rF:        It greatly protects you from fire.
 W - the +7 spear "Cucsoet" (weapon) {drain, rC+ Str+3 Dex+5}
   (You found it on level 11 of a ziggurat)

   Str:       It affects your strength (+3).
   Dex:       It affects your dexterity (+5).
   rC:        It protects you from cold.
Missiles
 a - 8 boomerangs of dispersal
 o - 5 silver javelins
Armour
 h - the +4 robe of Folly (worn) {Brill Will-∞ Int+8}
   (You found it on level 2 of a ziggurat)

   Brill:     It increases the power of your magical spells and halves their MP
   cost (rounding up).
   Will-∞: It reduces your willpower to zero.
   Int:       It affects your intelligence (+8).
 j - the +2 cloak of the Ancient Mice (worn) {Harm *Slow Will+++ Regen+}
   (You acquired it on level 4 of the Dungeon)

   Regen:     It increases your rate of health regeneration.
   *Slow:     It may slow you when you take damage.
   Harm:      It increases damage dealt and taken.
   Will:      It greatly increases your willpower.
 D - a +2 pair of gloves of dexterity (worn)
 H - a +4 troll leather armour {Pargi}
 L - a +2 helmet of intelligence (worn)
 Z - a +8 tower shield of protection (worn)
Jewellery
 f - an amulet of regeneration (around neck)
 g - a ring of wizardry (left hand)
 v - a ring of see invisible
 C - the dreamshard necklace {*Dream Drain}
   (You found it on level 5 of the Pits of Slime)

   [amulet of nothing]

   *Dream:    It shatters if its wearer takes lethal or near-lethal damage,
   preventing the blow and releasing protective dreams that heal and fight for
   the wearer.
   Drain:     It drains your maximum health when unequipped.
 M - the ring of Anlacalo (right hand) {Drain rC++ rN+ Will+ Slay+3}
   (You found it on level 3 of the Elven Halls)

   [ring of willpower]

   Slay:      It affects your accuracy & damage with ranged weapons and melee
   (+3).
   rC:        It greatly protects you from cold.
   rN:        It protects you from negative energy.
   Drain:     It drains your maximum health when unequipped.
   Will:      It increases your willpower.
 R - the ring "Duqed" {rN++ MP+9}
   (You found it on level 3 of the Depths)

   [ring of magical power]

   rN:        It greatly protects you from negative energy.
   MP:        It affects your magic capacity (+9).
 Y - the ring of Somn {Ice *Slow Int+5 Dex+5}
   (You found it on level 11 of a ziggurat)

   [ring of ice]

   It enhances your ice magic.
   Int:       It affects your intelligence (+5).
   Dex:       It affects your dexterity (+5).
   rF:        It makes you vulnerable to fire.
   rC:        It protects you from cold.
   *Slow:     It may slow you when you take damage.
Wands
 l - a wand of flame (87)
 K - a wand of digging (7)
 O - a wand of light (36)
 X - a wand of roots (94)
Scrolls
 e - 27 scrolls of teleportation
 m - 9 scrolls of fear
 n - 2 scrolls of silence
 p - 4 scrolls of blinking
 r - 14 scrolls of fog
 u - 9 scrolls of magic mapping
 x - 9 scrolls of torment
 F - 7 scrolls of enchant weapon
 G - 2 scrolls of enchant armour
 J - 4 scrolls of summoning
 P - 15 scrolls of immolation
 Q - 8 scrolls of poison
 T - 6 scrolls of vulnerability
Potions
 b - 4 potions of heal wounds
 d - 9 potions of might
 i - 28 potions of curing
 k - 3 potions of ambrosia
 q - 5 potions of cancellation
 s - 8 potions of haste
 w - 14 potions of lignification
 z - 5 potions of berserk rage
 A - 4 potions of resistance
 B - 10 potions of brilliance
 N - 8 potions of invisibility
 V - 7 potions of mutation
Miscellaneous
 y - a phial of floods (inert)
 E - the horn of Geryon
 I - a condenser vane
 S - a lightning rod (4/4)
 U - a phantom mirror


   Skills:
 O Level 27 Fighting
 - Level 16.0(18.0) Axes
 - Level 13.7(16.8) Polearms
 + Level 18.0 Armour
 - Level 14.8 Dodging
 - Level 1.6 Stealth
 + Level 18.6 Shields
 * Level 22.2 Spellcasting
 - Level 9.4 Invocations
 + Level 13.0 Evocations


You knew the following spells:

 Your Spells              Type           Power      Damage    Failure   Level
a - Magic Dart            Conj           100%       1d8       0%          1
b - Searing Ray           Conj           100%       2d8       0%          2
c - Dazzling Flash        Conj/Hex       100%       N/A       0%          3
d - Fulminant Prism       Conj/Hex       64%        3d26      0%          4
e - Iskenderun's Mystic   Conj/Tloc      100%       2d19      0%          4
f - Necrotise             Necr           100%       1d9       0%          1
g - Passwall              Tmut/Erth      100%       N/A       0%          2
h - Hailstorm             Conj/Ice       100%       3d20      0%          3
i - Mephitic Cloud        Conj/Pois/Air  100%       N/A       0%          3
j - Summon Mana Viper     Hex/Summ       100%       N/A       0%          5
k - Blade Hands           Tmut           64%        N/A       0%          5
l - Death Channel         Necr           64%        N/A       0%          6
m - Summon Cactus Giant   Summ           64%        N/A       0%          6
n - Haunt                 Necr/Summ      64%        N/A       1%          7
o - Monstrous Menagerie   Summ           64%        N/A       1%          7
p - Summon Hydra          Summ           64%        N/A       1%          7
q - Fire Storm            Conj/Fire      64%        8d16      4%          9
r - Death's Door          Necr           64%        N/A       4%          9
Your spell library was empty.

Dungeon Overview and Level Annotations

Branches:
Dungeon (15/15)            Temple (1/1) D:4            Lair (5/5) D:10
 Shoals (4/4) Lair:2        Snake (4/4) Lair:2        Slime (5/5) Lair:5
    Orc (2/2) D:10            Elf (3/3) Orc:2        Vaults (4/5) D:14
  Crypt (0/3) Vaults:2     Depths (4/4) D:15           Hell (visited)
    Dis (1/7) Hell            Geh (6/7) Hell            Coc (7/7) Hell
    Tar (1/7) Hell            Zot (5/5) Depths:4      Sewer (visited)
Ossuary (visited)           IceCv (visited)         Volcano (visited)

Altars:
Ashenzari
Cheibriados
Dithmenos
Elyvilon
Fedhas
Gozag
Hepliaklqana
Makhleb
Nemelex Xobeh
Okawaru
Qazlal
Ru
Trog
Uskayaw
Wu Jian
Xom
Yredelemnul
Zin
The Shining One
Jiyva
Lugonu

Shops:
D:2 ?   D:5 :   D:11 (   D:12 *   D:14 ?   Orc:2 !([:   Shoals:1 (**[
Snake:2 *((*[   Snake:3 =::   Vaults:3 (   Vaults:4 (   Depths:2 ?*?

Portals:
Hell: Depths:1 Depths:2 Depths:3 Depths:4
Abyss: Depths:1 Depths:3
Pandemonium: Depths:2

Annotations:
D:13 1 runed translucent door
Dis:1 5 runed doors


Innate Abilities, Weirdness & Mutations

You are immune to sickness and miasma.
You are immune to poison.
Your flesh is almost immune to the effects of heat. (rF+++)
You are vulnerable to cold. (rC-)
You float through the air rather than walking.
You learn spells naturally, not from books.
Your magical power is your life essence.
You have superior vitality. (+4 MHP)
You are partially covered in large bone plates. (SH +4)
You have supernaturally acute eyesight. (SInv)
Your muscles are strong. (Str +4, Int/Dex -1)
Your spells are a little easier to cast, but a little less powerful.
You sometimes lose the ability to drink potions when taking damage.
Your movements are slightly less encumbered by armour. (ER -2)


Message History

The blast of energy engulfs the orb of fire!!
You destroy the orb of fire!
Qazlal accepts your kill.
The green draconian monk is engulfed in blazing flames.
You kill the green draconian monk!
Qazlal accepts your kill.
You hear a shout!
Your Armour skill increases to level 18!
Your Evocations skill increases to level 13!
A green draconian comes into view. It is wielding a +1 mace of protection.
The green draconian roars!
The green draconian monk is engulfed in blazing flames.
You kill the green draconian monk!
Qazlal accepts your kill.
Things that are here:
a +0 dire flail; a yellow draconian corpse The green draconian is engulfed in blazing flames.
The green draconian hits your fire vortex with a +1 mace of protection!!
The green draconian tail-slaps your fire vortex.
Your fire vortex hits the green draconian.
Your fire vortex burns the green draconian!
Your fire vortex dissipates!
A white draconian stormcaller comes into view.
It is wielding a +3 short sword.
Casting: Fire Storm (dangerous; 4% risk of failure)
Confirm with . or Enter, or press ? or * to list all spells.
Aiming: Fire Storm (dangerous; 4% risk of failure)
Press: ? - help, Dir - move target, f - green draconian
Aim: a green draconian, wielding a +1 mace of protection (flame, moderately wounded, ally target)
You feel a surge of power!
A raging storm of fire appears!
The great blast of fire engulfs the green draconian!!!
You kill the green draconian!
Qazlal accepts your kill.
The great blast of fire engulfs the white draconian stormcaller!!!
The white draconian stormcaller is almost dead.
* * * LOW HITPOINT WARNING * * *
You hear a roar!
You hear a shout! x2; You hear a roar!
The white draconian stormcaller is engulfed in blazing flames.
The white draconian stormcaller calls down the wrath of Qazlal upon you.
The cutting wind hits you!!!
You die...

....# ..... . ..
... .... .....
▓▓▓▓▓▓▓▓##v....▓
▓○°○○v@)........
☼v○☼v☼§~§.○..).^.
q☼○°☼○.§☼..).....
○vvvv☼.~).)....v.
☼○☼v○○.).........
§○○○○☼....v......
..v.)............
..)..............


You could see a white draconian stormcaller and 11 friendly fire vortices.

Vanquished Creatures
  Antaeus (Coc:7)
  3 orbs of fire (Zot:5)
  26 shard shrikes
  10 Killer Klowns
  The ghost of CInkIbrahim the Slayer, a veteran FoFi of Lugonu (Depths:3)
  3 curse toes
  A caustic shrike (Depths:3)
  2 golden dragons
  3 pandemonium lords (Zig:11)
  A profane servitor (Hell)
  2 doom hounds (Tar:1)
  2 Brimstone Fiends
  4 hellephants
  An electric golem (Zot:5)
  Jorgrun (D:15)
  17 Ice Fiends
  7 Orb Guardians (Zot:5)
  8 tentacled monstrosities
  2 liches
  8 titans
  2 deep elf master archers (Elf:3)
  3 searing wretches
  5 sphinxes
  2 deep elf blademasters
  12 acid blobs
  6 quicksilver dragons
  Gastronok (Orc:1)
  4 ancient champions
  4 death cobs
  3 tengu reavers
  3 shadow dragons
  7 rockslimes
  3 draconian monks
  7 narguns
  13 azure jellies
  2 emperor scorpions (Zig:9)
  7 nagarajas
  6 storm dragons
  2 frost giants
  6 draconian knights
  A fire giant (Depths:2)
  5 vault wardens
  4 deep elf sorcerers (Elf:3)
  6 draconian scorchers
  An iron dragon (Depths:4)
  A spectral caustic shrike (Tar:1)
  Louise (Snake:3)
  An angel (Depths:1)
  2 deep elf elementalists (Elf:3)
  7 draconian shifters
  6 balrugs
  An orc warlord (D:10)
  7 shard shrike simulacra
  2 ghost moths
  5 draconian annihilators
  5 quicksilver oozes
  The ghost of MuffinSoup the Devastator, a journeyman OpHW of Vehumet (D:15)
  5 draconian stormcallers
  The ghost of javelincjr the Fighter, a journeyman DsFi of Lugonu (Shoals:2)
  11 ironbound preservers
  16 very ugly things
  A reaper (Hell)
  11 stone giants
  4 ironbound thunderhulks
  3 deep elf annihilators
  A spectral titan (Tar:1)
  9 purple draconians
  12 yellow draconians
  18 elemental wellsprings
  A vampire knight (Depths:4)
  A stone giant (shapeshifter) (Zig:11)
  2 spark wasps (Depths:2)
  11 wendigos
  11 green draconians
  9 black draconians
  12 red draconians
  2 deep elf demonologists (Elf:3)
  3 putrid mouths (Hell)
  A halazid warlock (Hell)
  2 minotaurs (Shoals:4)
  10 dire elephants
  2 iron golems (Depths:1)
  9 fire dragons
  6 white draconians
  3 eidola
  2 merfolk javelineers
  6 ettins
  A deep elf death mage (Elf:3)
  4 merfolk impalers
  A jiangshi (Zig:4)
  A spectral spriggan (Tar:1)
  4 entropy weavers
  6 yaktaur captains
  Josephine (Orc:1)
  4 great orbs of eyes
  2 deep elf high priests
  11 ice dragons
  2 catoblepae (Lair:5)
  4 vault guards (Vaults:2)
  The ghost of shmup the Arsonist, a journeyman TeFE of Nemelex Xobeh (Lair:1)
  A rakshasa (D:13)
  A hell beast (Depths:4)
  3 hydras
  A peacekeeper (Vaults:3)
  A salamander tyrant (Geh:4)
  An ogre mage (Orc:2)
  10 ironbound frosthearts
  10 caustic shrike simulacra
  A spriggan air mage (Depths:4)
  A stoker (Geh:5)
  2 juggernaut simulacra (Coc:7)
  A merfolk aquamancer (Shoals:1)
  8 centaur warriors
  The ghost of erynZofia the Thaumaturge, a journeyman DEVM of Vehumet (Lair:1)
  A two-headed ogre (shapeshifter) (D:13)
  7 two-headed ogres
  13 anacondas
  19 dancing weapons
  6 boulder beetles
  2 deep troll shamans
  4 satyrs (Shoals:4)
  7 naga warriors
  2 vampire magi
  6 death yaks (Lair:1)
  5 deep troll earth magi
  33 hell hogs
  6 naga sharpshooters
  10 tengu warriors
  6 deep elf knights
  A spectral naga (Tar:1)
  An orc high priest (Orc:2)
  A crystal echidna (Depths:1)
  4 spriggan berserkers
  3 sun demons (Hell)
  Amaemon (Lair:2)
  11 nameless horrors
  Nergalle (D:10)
  6 soul eaters
  6 shock serpents
  A skyshark (shapeshifter) (Vaults:1)
  5 skysharks
  2 spectral bunyips (Tar:1)
  3 quicksilver dragon simulacra
  A sun moth (Zig:9)
  3 salamander mystics
  11 sea snakes
  5 iron trolls
  A cherub (Zig:6)
  The ghost of Loveship the Blocker, a novice DsCK of Xom (D:8)
  3 glowing orange brains
  11 spriggan simulacra
  57 deep trolls
  7 deep elf archers
  6 ironbound convokers
  4 lindwurms
  2 shadow demons (Hell)
  An obsidian statue (IceCv)
  10 wizards
  An anaconda zombie (Hell)
  2 orc knights
  13 harpies
  2 orange crystal statues (Hell)
  5 naga ritualists
  3 phantasmal warriors
  11 deep elf pyromancers
  8 mana vipers
  11 deep elf zephyrmancers
  9 orc sorcerers
  2 oklob plants
  4 fauns
  A wolf spider (Elf:2)
  3 manticores
  46 ugly things
  18 moths of wrath
  A spectral centaur (Tar:1)
  13 elephants
  8 cyclopes
  9 merfolk sirens
  11 salamanders
  A guardian serpent (Lair:2)
  11 naga magi
  61 slime creatures
  An apocalypse crab (Zig:11)
  37 black mambas
  3 gargoyles
  6 titan simulacra
  2 eyes of devastation (Slime:4)
  A rust devil (Depths:3)
  5 water nymphs
  3 molten gargoyles
  An orange demon (Lair:2)
  2 smoke demons (Depths:4)
  8 vault sentinels
  10 cane toads
  5 hellions
  2 rime drakes
  An unseen horror (shapeshifter) (D:14)
  A cane toad (shapeshifter) (D:14)
  3 kobold demonologists
  10 komodo dragons
  12 yaktaurs
  A bunyip simulacrum (Coc:1)
  A sea snake zombie (Hell)
  7 ice devils (IceCv)
  2 sea snake skeletons (Hell)
  6 anaconda simulacra
  An efreet (D:15)
  9 freezing wraiths
  2 iron giant simulacra
  A hydra zombie (Hell)
  4 tengu conjurers
  2 meliai (D:14)
  A spectral harpy (Tar:1)
  A tormentor (Tar:1)
  6 polar bears
  13 merfolk
  A polar bear (shapeshifter) (D:15)
  A meliai (shapeshifter) (D:13)
  7 trolls
  A hornet (shapeshifter) (D:14)
  5 hornets
  3 wind drakes
  A raiju (Elf:2)
  31 blink frogs
  2 stone giant simulacra
  4 snapping turtles
  10 dream sheep
  2 centaur simulacra
  15 spriggans
  An air elemental (Elf:3)
  17 water elementals
  3 wraiths
  2 shadows
  2 fire elementals
  34 yaks
  2 vampires
  2 wyverns
  A basilisk (Lair:5)
  13 dire elephant simulacra
  2 fire bats (Volcano)
  6 humans (Zot:4)
  An alligator snapping turtle simulacrum (Coc:2)
  4 golden eyes
  A redback (D:13)
  6 vampire mosquitoes
  11 minotaur simulacra (IceCv)
  4 chaos spawn (Zig:11)
  21 harpy simulacra
  38 nagas
  A warg (Zig:7)
  4 hydra simulacra
  An acid dragon (D:12)
  2 spatial vortices (Elf:2)
  A floating eye (shapeshifter) (Depths:2)
  9 water moccasins
  2 alligator simulacra
  18 orc warriors
  3 sky beasts
  8 black bears
  Pargi (Sewer)
  8 ogres
  An ice beast (D:8)
  2 ettin simulacra
  27 wolves
  5 boggarts
  18 centaurs
  3 phantoms
  10 kobold brigands
  14 bullfrogs
  A gnoll sergeant (D:8)
  2 scorpions
  8 deep troll simulacra (IceCv)
  2 earth elementals
  2 water moccasin zombies (Ossuary)
  7 killer bees
  A lindwurm simulacrum (IceCv)
  3 howler monkeys
  9 electric eels
  4 lava snakes (Volcano)
  3 hounds
  A jelly (D:7)
  13 orc priests
  A gnoll bouda (D:9)
  A sleepcap (D:5)
  4 iguanas
  Terence (D:2)
  33 orc wizards
  2 lightning spires (Elf:2)
  3 mummies
  8 gnolls
  7 naga simulacra
  4 adders
  A shadow imp (D:7)
  7 white imps
  An ufetubus (D:7)
  5 adder zombies (Ossuary)
  5 worms
  2 dart slugs
  70 orcs
  2 ball pythons
  3 endoplasms (D:1)
  3 giant cockroaches
  2 gnoll zombies (Ossuary)
  5 goblins
  7 hobgoblins
  4 jackals (D:3)
  11 kobolds
  4 quokkas
  A bat (D:3)
  17 frilled lizards
  6 hobgoblin zombies (Ossuary)
  3 kobold zombies (Ossuary)
  8 orc zombies (Ossuary)
  8 rats
  A spectral orc (D:7)
  4 creeping infernos
  31 fire vortices
1969 creatures vanquished.

Vanquished Creatures (collateral kills)
  the Royal Jelly (Slime:5)
  A juggernaut (Depths:3)
  Boris (Vaults:4)
  3 Killer Klowns
  2 shard shrikes (Coc:5)
  Xtahua (Vaults:4)
  Nikola (Shoals:1)
  3 caustic shrikes
  Geryon (Hell)
  A bone dragon (Depths:4)
  A profane servitor (Zig:8)
  A Brimstone Fiend (Geh:4)
  A tentacled monstrosity (Zot:2)
  An Orb Guardian (Zot:5)
  2 Ice Fiends
  A lich (Depths:4)
  15 acid blobs
  2 deep elf master archers (Elf:3)
  A searing wretch (Geh:4)
  A quicksilver dragon (shapeshifter) (Zig:11)
  2 deep elf blademasters
  An eldritch tentacle (Elf:2)
  3 sphinxes
  Frances (Shoals:1)
  2 ancient champions
  Agnes (Elf:1)
  3 storm dragons
  Donald (Elf:2)
  13 rockslimes
  Roxanne (Shoals:3)
  2 nagarajas (Snake:4)
  A daeva (Zig:6)
  2 shadow dragons
  2 frost giants
  10 azure jellies
  4 fire giants
  A nargun (Coc:5)
  5 vault wardens
  8 deep elf sorcerers
  An emperor scorpion (Zig:9)
  2 balrugs (Geh:3)
  5 deep elf elementalists (Elf:3)
  A ghost moth (Zig:9)
  Aizul (Snake:1)
  2 angels (Zig:6)
  A draconian stormcaller (Depths:4)
  A war gargoyle (Vaults:4)
  7 quicksilver oozes
  2 orc warlords
  The ghost of Plog the Grappler, a journeyman TrFi of Wu Jian (D:13)
  2 draconian annihilators
  11 ironbound preservers
  2 curse skulls
  An elemental wellspring (Coc:7)
  2 very ugly things (Depths:1)
  6 ironbound thunderhulks
  An ophan (Zig:6)
  7 stone giants
  2 vampire knights
  A reaper (Hell)
  An apis (Zig:6)
  2 green draconians
  2 putrid mouths (Hell)
  A black draconian (Zot:4)
  2 red draconians
  A lorocyproca (Zig:2)
  A purple draconian (Zot:4)
  3 deep elf annihilators (Elf:3)
  6 deep elf demonologists
  4 dire elephants
  A spark wasp (Depths:3)
  2 white draconians
  2 blizzard demons (Hell)
  2 crystal guardians
  5 deep elf death magi
  2 eidola
  3 merfolk impalers
  3 merfolk javelineers
  An ettin (Depths:1)
  3 yaktaur captains
  7 deep elf high priests
  An entropy weaver (Zig:9)
  5 fire dragons
  7 great orbs of eyes
  6 vault guards
  2 ice dragons
  A rakshasa (Depths:3)
  2 salamander tyrants
  An ice dragon (shapeshifter) (D:15)
  A spriggan air mage (Depths:4)
  2 ogre magi
  A peacekeeper (Vaults:4)
  2 hydras (Zig:10)
  2 ironbound frosthearts
  2 juggernaut simulacra
  A stoker (Geh:3)
  A merfolk aquamancer (Shoals:4)
  3 two-headed ogres
  2 catoblepae
  10 satyrs
  An anaconda (Snake:2)
  14 dancing weapons
  2 deep troll shamans (Depths:2)
  4 centaur warriors
  An alligator snapping turtle (Shoals:3)
  A boulder beetle (Vaults:2)
  3 naga warriors
  2 vampire magi (Zig:8)
  4 deep troll earth magi (Depths:2)
  6 hell hogs
  A soul eater (Hell)
  6 hell knights (Depths:3)
  14 deep elf knights
  A skeletal warrior (D:13)
  A sun demon (Depths:3)
  A crystal echidna (Hell)
  2 salamander mystics (Snake:4)
  A shadow wraith (Hell)
  2 skysharks (Shoals:1)
  3 iron trolls
  2 sixfirhies (Depths:3)
  A glowing orange brain (shapeshifter) (Elf:2)
  39 deep trolls
  2 flayed ghosts (Zig:8)
  2 cherubim (Zig:6)
  4 sea snakes
  A naga ritualist (Snake:1)
  2 wizards
  11 lindwurms
  2 anaconda skeletons (Hell)
  An orb spider (Zig:9)
  A phantasmal warrior (Depths:4)
  9 deep elf archers
  8 ironbound convokers
  2 harpies
  31 deep elf zephyrmancers
  A necromancer (D:13)
  2 orc sorcerers
  12 ugly things
  A cyclops (shapeshifter) (Depths:4)
  26 deep elf pyromancers
  2 mana vipers (Snake:2)
  13 fauns
  A wolf spider (Zig:9)
  5 manticores
  2 shining eyes
  3 orc knights
  3 cyclopes
  5 black mambas
  3 moths of wrath
  An elephant (Lair:2)
  4 eyes of devastation
  An apocalypse crab (Zig:11)
  A merfolk siren (Shoals:4)
  4 ice statues
  A torpor snail (Zig:9)
  8 vault sentinels
  5 naga magi
  2 cane toads (Zig:10)
  A torpor snail (shapeshifter) (Zig:12)
  2 water nymphs (Shoals:1)
  A sea snake zombie (Hell)
  5 hellions
  2 komodo dragons (Zig:10)
  4 tormentors
  22 yaktaurs
  2 tengu conjurers (Depths:2)
  An anaconda simulacrum (Elf:2)
  A troll (Zig:7)
  3 hellwings (Depths:3)
  14 merfolk
  A tarantella (Zig:9)
  8 nameless horrors
  5 wind drakes
  3 blink frogs (Elf:2)
  3 snapping turtles
  4 air elementals
  21 slime creatures
  2 yaks (Zig:10)
  A dire elephant simulacrum (Coc:7)
  A human (Zot:4)
  3 vampires
  2 wraiths
  2 redbacks (Vaults:4)
  4 chaos spawn
  A basilisk (D:15)
  A harpy simulacrum (Coc:2)
  2 wargs (D:10)
  12 nagas
  4 water moccasins (Zig:10)
  5 orc warriors (Zig:7)
  An ice beast (Elf:2)
  3 ogres (Zig:7)
  4 boggarts
  6 centaurs
  An earth elemental (Elf:2)
  A lindwurm simulacrum (IceCv)
  2 elephant simulacra (Elf:2)
  2 electric eels
  A vampire bat (Elf:2)
  2 orc priests
  An orc wizard (Orc:2)
  2 lightning spires (Elf:2)
  A troll simulacrum (Elf:2)
  A gnoll (Zig:7)
  A naga simulacrum (Elf:2)
  An orc (Orc:2)
  4 fire vortices
740 creatures vanquished.

Vanquished Creatures (others)
  A rockslime (Slime:4)
  A deep elf death mage (Elf:3)
  A merfolk javelineer (Shoals:1)
  A stoker (Geh:5)
  A deep elf knight (Zig:12)
  A hell knight (Depths:3)
  A deep elf archer (Zig:12)
  2 wizards
  A spriggan simulacrum (Coc:7)
  3 deep elf zephyrmancers
  A deep elf pyromancer (Zig:12)
  A manticore (Shoals:4)
  A shining eye (Slime:4)
  A golden dragon simulacrum (Coc:7)
  A dire elephant simulacrum (Coc:1)
  An alligator snapping turtle simulacrum (Coc:1)
  A hog (Elf:2)
  A black bear (D:4)
  3 nameless horrors
  An orc (Orc:1)
  2 ball lightnings (Elf:2)
  2 creeping infernos
  162 fire vortices
  78 fulminant prisms
269 creatures vanquished.

Grand Total: 2978 creatures vanquished

Notes
Turn   | Place    | Note
-------+----------+-------------------------------------------
     0 | D:1      | javelincjr the Djinni Conjurer began the quest for the Orb.
     0 | D:1      | javelincjr set off with the following spells memorised:
                  | Magic Dart, Searing Ray, Dazzling Flash, Fulminant Prism,
                  | Iskenderun's Mystic Blast.
     0 | D:1      | Reached XP level 1. HP: 15/15 MP: 0/0
   340 | D:1      | Reached XP level 2. HP: 17/22 MP: 0/0
   424 | D:1      | Found a faded altar of an unknown god.
   688 | D:1      | Reached skill level 1 in Fighting
  1046 | D:1      | Reached XP level 3. HP: 24/27 MP: 0/0
  1046 | D:1      | Learned a level 1 spell: Necrotise
  1249 | D:2      | Found a hide-covered altar of Uskayaw.
  1545 | D:2      | Noticed Terence
  1557 | D:2      | Killed Terence
  1558 | D:2      | Reached skill level 2 in Fighting
  1558 | D:2      | Reached XP level 4. HP: 16/33 MP: 0/0
  1819 | D:2      | Found Wunkaymu's Magic Scroll Boutique.
  1822 | D:2      | Bought a scroll of identify for 28 gold pieces
  2050 | D:3      | Found a sacrificial altar of Ru.
  2089 | D:3      | Reached XP level 5. HP: 38/39 MP: 0/0
  2089 | D:3      | Learned a level 2 spell: Passwall
  2210 | D:3      | Found an opulent altar of Gozag.
  2421 | D:4      | Identified a scroll of acquirement
  2421 | D:4      | Acquired the +2 cloak of the Ancient Mice {Harm *Slow
                  | Will+++ Regen+}
  2441 | D:4      | Reached skill level 3 in Fighting
  2486 | D:4      | Reached XP level 6. HP: 28/46 MP: 0/0
  2487 | D:4      | Found a sand-covered staircase.
  2494 | Ossuary  | Entered an ossuary
  2600 | Ossuary  | Reached XP level 7. HP: 51/51 MP: 0/0
  2600 | Ossuary  | Learned a level 3 spell: Hailstorm
  2655 | D:4      | Acquired 761 gold pieces
  2673 | D:4      | Found a sparkling altar of Nemelex Xobeh.
  2690 | D:4      | Reached skill level 4 in Fighting
  2999 | D:4      | Reached skill level 5 in Spellcasting
  3122 | D:4      | Found a staircase to the Ecumenical Temple.
  3131 | Temple   | Entered the Ecumenical Temple
  3581 | D:5      | Entered Level 5 of the Dungeon
  3729 | D:5      | Found Vamur's Book Shoppe.
  3771 | D:5      | Reached skill level 5 in Fighting
  3771 | D:5      | Reached XP level 8. HP: 57/59 MP: 0/0
  4257 | D:6      | Found a glowing drain.
  4269 | D:6      | Identified the +4 sling of Rawneam {freeze, Int+3}
  4284 | Sewer    | Entered a sewer
  4311 | Sewer    | Noticed Pargi
  4318 | Sewer    | Killed Pargi
  4578 | D:6      | Reached skill level 5 in Dodging
  4588 | D:6      | Found a white marble altar of Elyvilon.
  4622 | D:6      | Found a blossoming altar of Fedhas.
  4798 | D:6      | You are sucked into a shaft and drop 1 floor!
  4923 | D:6      | Reached skill level 6 in Fighting
  4933 | D:6      | Identified the +1 leather armour of Lust {rPois rF++ rC-
                  | Regen+}
  5066 | D:6      | Reached XP level 9. HP: 67/67 MP: 0/0
  5066 | D:6      | Learned a level 3 spell: Mephitic Cloud
  5412 | D:7      | Reached skill level 7 in Fighting
  5749 | D:7      | Found a hazy altar of Hepliaklqana.
  6123 | D:8      | Noticed a two-headed ogre
  6130 | D:8      | Killed a two-headed ogre
  6131 | D:8      | Reached skill level 8 in Fighting
  6131 | D:8      | Reached XP level 10. HP: 75/77 MP: 0/0
  6298 | D:8      | Found a runed translucent gate.
  6299 | D:8      | Found a runed translucent gate.
  6301 | D:8      | Found a runed translucent gate.
  6301 | D:8      | Noticed Loveship's ghost (novice DsCK)
  6302 | D:8      | Noticed a kobold demonologist
  6316 | D:8      | Reached skill level 1 in Shields
  6317 | D:8      | Killed Loveship's ghost
  6317 | D:8      | Killed a kobold demonologist
  6318 | D:8      | Reached skill level 9 in Fighting
  6397 | D:8      | Gained mutation: You have hidden genetic potential. [potion
                  | of mutation]
  6533 | D:9      | Noticed a kobold demonologist
  6540 | D:9      | Killed a kobold demonologist
  6579 | D:9      | Found a shadowy altar of Dithmenos.
  6802 | D:9      | Found a stormy altar of Qazlal.
  6807 | D:9      | Became a worshipper of Qazlal Stormbringer
  6868 | D:9      | Reached XP level 11. HP: 84/85 MP: 0/0
  6868 | D:9      | Learned a level 5 spell: Summon Mana Viper
  7145 | D:10     | Entered Level 10 of the Dungeon
  7146 | D:10     | Found a staircase to the Lair.
  7160 | D:10     | Reached skill level 10 in Fighting
  7190 | D:10     | Found a staircase to the Orcish Mines.
  7204 | D:10     | Noticed a two-headed ogre
  7211 | D:10     | Killed a two-headed ogre
  7219 | D:10     | Reached * piety under Qazlal
  7228 | D:10     | Gained mutation: You have a pair of small antennae on your
                  | head. [hidden potential]
  7310 | D:10     | Found an iron altar of Okawaru.
  7310 | D:10     | Found a broken altar of Ashenzari.
  7560 | D:10     | Noticed a moth of wrath
  7580 | D:10     | Found a bloodstained altar of Trog.
  7743 | D:11     | Noticed a sun demon
  7753 | D:11     | Noticed a cyclops
  7761 | D:11     | Killed a cyclops
  7762 | D:11     | Noticed a two-headed ogre
  7765 | D:11     | Reached skill level 1 in Armour
  7769 | D:11     | Killed a two-headed ogre
  7770 | D:11     | Reached skill level 1 in Invocations
  7785 | D:11     | Found Xawocoag's Weapon Boutique.
  7793 | D:11     | Bought the +6 spear "Esahukk" {vamp, rF++ Int+5 Dex-3} for
                  | 947 gold pieces
  7940 | D:11     | Reached skill level 11 in Fighting
  7941 | D:11     | Reached XP level 12. HP: 90/94 MP: 0/0
  7946 | D:11     | Reached skill level 1 in Polearms
  8006 | D:11     | Noticed a two-headed ogre
  8013 | D:11     | Killed a two-headed ogre
  8267 | D:11     | Reached ** piety under Qazlal
  8356 | D:12     | Found Voonaf's Assorted Antiques.
  8373 | D:12     | Bought a polished glaive for 276 gold pieces
  8373 | D:12     | Identified the +6 glaive of Makhleb {speed, MP+9} (You
                  | bought it in a shop on level 12 of the Dungeon)
  8373 | D:12     | Bought a scroll labelled HIASOU JOOTS for 24 gold pieces
  8373 | D:12     | Bought a sapphire potion for 21 gold pieces
  8449 | D:12     | Gained mutation: You have sharp fingernails. [hidden
                  | potential]
  8449 | D:12     | Lost mutation: You have hidden genetic potential. [hidden
                  | potential expressed]
  8608 | D:12     | Noticed a boulder beetle
  8637 | D:12     | Killed a boulder beetle
  8684 | D:12     | Reached skill level 5 in Shields
  8733 | D:12     | Noticed a boulder beetle
  8771 | D:12     | Killed a boulder beetle
  9048 | D:12     | Lost mutation: You have a pair of small antennae on your
                  | head. [potion of mutation]
  9048 | D:12     | Lost mutation: You have sharp fingernails. [potion of
                  | mutation]
  9048 | D:12     | Gained mutation: You have a pair of small horns on your
                  | head. [potion of mutation]
  9048 | D:12     | Gained mutation: You are frail. (-10% HP) [potion of
                  | mutation]
  9048 | D:12     | Gained mutation: You are partially covered in large bone
                  | plates. (SH +4) [potion of mutation]
  9049 | D:12     | Lost mutation: You are frail. (-10% HP) [potion of
                  | mutation]
  9049 | D:12     | Lost mutation: You are partially covered in large bone
                  | plates. (SH +4) [potion of mutation]
  9049 | D:12     | Gained mutation: You are somewhat resistant to further
                  | mutation. [potion of mutation]
  9049 | D:12     | Gained mutation: You occasionally lose the ability to drink
                  | potions when taking damage. [potion of mutation]
  9050 | D:12     | Lost mutation: You are somewhat resistant to further
                  | mutation. [potion of mutation]
  9050 | D:12     | Lost mutation: You occasionally lose the ability to drink
                  | potions when taking damage. [potion of mutation]
  9050 | D:12     | Lost mutation: You have a pair of small horns on your head.
                  | [potion of mutation]
  9050 | D:12     | Gained mutation: You are frail. (-10% HP) [potion of
                  | mutation]
  9050 | D:12     | Gained mutation: You are dopey. (Int -2) [potion of
                  | mutation]
  9062 | D:13     | Noticed a rakshasa
  9070 | D:13     | Noticed a centaur warrior
  9075 | D:13     | Killed a rakshasa
  9092 | D:13     | Killed a centaur warrior
  9106 | D:13     | Noticed a centaur warrior
  9118 | D:13     | Killed a centaur warrior
  9358 | D:13     | Found a runed translucent door.
  9361 | D:13     | Noticed a sphinx
  9364 | D:13     | Noticed Plog's ghost (journeyman TrFi)
  9364 | D:13     | Noticed a skeletal warrior
  9366 | D:13     | Noticed a lich
  9366 | D:13     | Found a runed translucent door.
  9378 | D:13     | Noticed a frost giant
  9388 | D:13     | Reached XP level 13. HP: 80/90 MP: 0/0
  9388 | D:13     | Learned a level 5 spell: Blade Hands
  9893 | D:14     | Noticed a centaur warrior
  9896 | D:14     | Reached skill level 12 in Fighting
  9896 | D:14     | Reached *** piety under Qazlal
  9897 | D:14     | Killed a centaur warrior
  9898 | D:14     | Reached skill level 10 in Spellcasting
  9972 | D:14     | Found Ynul's Magic Scroll Emporium.
 10017 | D:14     | Noticed a five-headed hydra
 10021 | D:14     | Killed a five-headed hydra
 10084 | D:14     | Found a gate to the Vaults.
 10190 | D:14     | Noticed a six-headed hydra
 10194 | D:14     | Killed a six-headed hydra
 10215 | D:14     | Reached skill level 5 in Polearms
 10215 | D:14     | Reached skill level 10 in Dodging
 10572 | D:14     | Reached XP level 14. HP: 60/97 MP: 0/0
 10577 | D:14     | Reached **** piety under Qazlal
 10952 | Lair:1   | Entered Level 1 of the Lair of Beasts
 11042 | Lair:1   | Reached skill level 5 in Armour
 11042 | Lair:1   | Reached skill level 5 in Invocations
 11198 | Lair:1   | Reached skill level 13 in Fighting
 11274 | Lair:1   | Found a sacrificial altar of Ru.
 11700 | Lair:1   | Found a runed translucent gate.
 11702 | Lair:1   | Found a runed translucent gate.
 11702 | Lair:1   | Found a runed translucent gate.
 11703 | Lair:1   | Noticed shmup's ghost (journeyman TeFE)
 11703 | Lair:1   | Noticed erynZofia's ghost (journeyman DEVM)
 11715 | Lair:1   | Killed shmup's ghost
 11716 | Lair:1   | Killed erynZofia's ghost
 11991 | Lair:2   | Found a staircase to the Snake Pit.
 12056 | Lair:2   | Reached ***** piety under Qazlal
 12073 | Lair:2   | Noticed Amaemon
 12079 | Lair:2   | Killed Amaemon
 12155 | Lair:2   | Found a staircase to the Shoals.
 12275 | Lair:2   | Reached XP level 15. HP: 96/103 MP: 0/0
 12275 | Lair:2   | Learned a level 6 spell: Death Channel
 12395 | Lair:2   | Found the +3 pair of seven-league boots {Rampage+∞}
 13286 | Lair:3   | Identified the +1 chain mail of Lies {Slay+2}
 13958 | Lair:4   | Found a dark tunnel.
 13966 | Volcano  | Entered a volcano
 14170 | Volcano  | Lost mutation: You are frail. (-10% HP) [potion of
                  | mutation]
 14170 | Volcano  | Lost mutation: You are dopey. (Int -2) [potion of mutation]
 14170 | Volcano  | Gained mutation: Your muscles are strong. (Str +4, Int/Dex
                  | -1) [potion of mutation]
 14170 | Volcano  | Gained mutation: Your flesh is almost immune to the effects
                  | of heat. (rF+++) [potion of mutation]
 14170 | Volcano  | Gained mutation: You have supernaturally acute eyesight.
                  | (SInv) [potion of mutation]
 14923 | Lair:4   | Reached skill level 14 in Fighting
 15055 | Lair:5   | Entered Level 5 of the Lair of Beasts
 15135 | Lair:5   | Found a glowing silver altar of Zin.
 15635 | Lair:5   | Reached ****** piety under Qazlal
 15738 | Lair:5   | Reached XP level 16. HP: 88/123 MP: 0/0
 15908 | Lair:5   | Found a runed translucent door.
 15909 | Lair:5   | Found a viscous altar of Jiyva.
 15909 | Lair:5   | Noticed an azure jelly
 15909 | Lair:5   | Noticed an azure jelly
 15910 | Lair:5   | Noticed an azure jelly
 15911 | Lair:5   | Found a staircase to the Slime Pits.
 16558 | Orc:1    | Entered Level 1 of the Orcish Mines
 16586 | Orc:1    | Noticed Nergalle
 16591 | Orc:1    | Noticed Josephine
 16612 | D:10     | Killed Nergalle
 16621 | Orc:1    | Killed Josephine
 16645 | Orc:1    | Noticed Gastronok
 16675 | Orc:1    | Killed Gastronok
 16812 | Orc:2    | Entered Level 2 of the Orcish Mines
 16995 | Orc:2    | Found a staircase to the Elven Halls.
 17211 | Orc:2    | Found Gatuti's Book Shoppe.
 17315 | Orc:2    | Found Igo Iziapn's Antique Armour Emporium.
 17315 | Orc:2    | Found Atzutaj's Antique Weapon Shoppe.
 17327 | Orc:2    | Found Nozxugan's Distillery.
 17329 | Orc:2    | Bought a pair of glowing gloves for 247 gold pieces
 17331 | Orc:2    | Bought a pair of runed gloves for 247 gold pieces
 17355 | Orc:2    | Bought a potion of mutation for 128 gold pieces
 17690 | Snake:1  | Entered Level 1 of the Snake Pit
 17690 | Snake:1  | Noticed Aizul
 17701 | Snake:1  | Killed Aizul
 17817 | Snake:1  | Noticed a nagaraja
 17822 | Snake:1  | Killed a nagaraja
 17823 | Snake:1  | Reached skill level 15 in Fighting
 17835 | Snake:1  | Reached XP level 17. HP: 131/131 MP: 0/0
 17835 | Snake:1  | Learned a level 6 spell: Summon Cactus Giant
 18218 | Snake:2  | Found Cyghi's General Store.
 18264 | Snake:2  | Bought a potion of heal wounds for 50 gold pieces
 18386 | Snake:2  | Found Guicw's Armour Boutique.
 18484 | Snake:2  | Found Lyloetoth's Assorted Antiques.
 18492 | Snake:2  | Reached skill level 10 in Polearms
 18492 | Snake:2  | Reached XP level 18. HP: 138/138 MP: 0/0
 18623 | Snake:2  | Found Eqesiw's Antique Weapon Shoppe.
 18637 | Snake:2  | Found Xuplath's Antique Weapon Boutique.
 18815 | Snake:3  | Noticed Louise
 18825 | Snake:3  | Killed Louise
 18941 | Snake:3  | Found Biediase's Jewellery Boutique.
 18941 | Snake:3  | Found Womeis's Book Shoppe.
 18942 | Snake:3  | Found Nifrajuu's Book Shoppe.
 19508 | Snake:3  | Bought a manual of Fighting for 1200 gold pieces
 19530 | Snake:4  | Entered Level 4 of the Snake Pit
 19639 | Snake:4  | Reached skill level 10 in Shields
 19816 | Snake:4  | Reached skill level 16 in Fighting
 19830 | Snake:4  | Reached XP level 19. HP: 139/145 MP: 0/0
 19830 | Snake:4  | Learned a level 7 spell: Haunt
 19993 | Snake:4  | Got a serpentine rune of Zot
 20690 | Shoals:1 | Entered Level 1 of the Shoals
 20711 | Shoals:1 | Noticed Frances
 20718 | Shoals:1 | Killed Frances
 21007 | Shoals:1 | Found a frozen archway.
 21033 | IceCv    | Entered an ice cave
 21311 | IceCv    | Reached skill level 17 in Fighting
 21364 | IceCv    | Noticed an Ice Fiend
 21373 | IceCv    | Killed an Ice Fiend
 21451 | IceCv    | Identified the -2 pair of gloves "Puelliaw" {rElec rPois
                  | rN+ Dex+3}
 21863 | Shoals:1 | Noticed Nikola
 21878 | Shoals:1 | Killed Nikola
 21879 | Shoals:1 | HP: 3/148 [water nymph/the raging water (26)]
 22227 | Shoals:1 | Found Ceff's Merfolk Weapons.
 22228 | Shoals:1 | Found Ceff's Visitors' Centre.
 22232 | Shoals:1 | Found Ceff's Merfolk Magic.
 22232 | Shoals:1 | Found Ceff's Merfolk Armours.
 22588 | Shoals:2 | Reached XP level 20. HP: 155/155 MP: 0/0
 22593 | Shoals:2 | Found a large runed translucent door.
 22593 | Shoals:2 | Found a large runed translucent door.
 22593 | Shoals:2 | Noticed javelincjr's ghost (journeyman DsFi)
 22624 | Shoals:2 | Killed javelincjr's ghost
 23198 | Shoals:3 | Identified Roxanne's Almanac of Scree
 23198 | Shoals:3 | Noticed Roxanne
 23498 | Shoals:3 | Killed Roxanne
 23989 | Shoals:4 | Entered Level 4 of the Shoals
 24051 | Shoals:4 | Reached skill level 18 in Fighting
 24224 | Shoals:4 | Identified the ring of Hoteeqev {Fire rElec}
 24437 | Shoals:4 | Identified the +2 plate armour of Disaster {rN++}
 24596 | Shoals:4 | Got a barnacled rune of Zot
 25055 | Elf:1    | Entered Level 1 of the Elven Halls
 25126 | Elf:1    | Reached skill level 10 in Armour
 25423 | Elf:1    | Noticed Agnes
 25431 | Elf:1    | Killed Agnes
 25439 | Elf:1    | Reached XP level 21. HP: 140/165 MP: 0/0
 25439 | Elf:1    | Learned a level 7 spell: Monstrous Menagerie
 25488 | Elf:1    | Paralysed by an air elemental for 1 turns
 25511 | Elf:1    | Paralysed by an air elemental for 1 turns
 25793 | Elf:1    | Reached skill level 19 in Fighting
 26480 | Elf:2    | Noticed Donald
 26501 | Elf:2    | Killed Donald
 26983 | Elf:2    | Found a runed translucent gate.
 26984 | Elf:2    | Found a runed translucent gate.
 26984 | Elf:2    | Found a runed translucent gate.
 27140 | Elf:2    | Paralysed by an air elemental for 1 turns
 27146 | Elf:2    | Paralysed by an air elemental for 1 turns
 27364 | Elf:2    | Reached skill level 20 in Fighting
 27791 | Elf:3    | Entered Level 3 of the Elven Halls
 27991 | Elf:3    | Identified the amulet "Ihaycreu" {RegenMP Contam +Inv MP+9
                  | Int+5}
 28323 | Elf:3    | Reached XP level 22. HP: 104/175 MP: 0/0
 28326 | Elf:3    | Identified the +3 morningstar of Sharkskin {flame, Contam
                  | rF+ Int+5}
 28670 | Elf:3    | Identified the +1 robe "Cinuoreyt" {Dex+5 Slay-4}
 28716 | Elf:3    | Identified the +8 broad axe of Annihilation {holy, *Noise
                  | rElec Will+ Int+3}
 28797 | Elf:3    | Identified the +1 plate armour "Ygaewn" {+Inv rF+ Str+4}
 28810 | Elf:3    | Reached skill level 15 in Spellcasting
 28964 | Elf:3    | Identified the staff of earth "Hax Vuethei" {Int+5 Dex+3}
 28967 | Elf:3    | Identified the quicksilver dragon scales of Lesaf {Will+
                  | Str+4 Dex+4}
 29018 | Elf:3    | Identified the +0 pair of boots of Itangedd {+Blink Fly
                  | SInv}
 29055 | Elf:3    | Identified the ring of Anlacalo {Drain rC++ rN+ Will+
                  | Slay+3}
 29612 | D:13     | Killed Plog's ghost
 29622 | D:13     | Reached skill level 1 in Axes
 29690 | D:15     | Entered Level 15 of the Dungeon
 29788 | D:15     | Noticed Jorgrun
 29797 | D:15     | Killed Jorgrun
 29977 | D:15     | Found a staircase to the Depths.
 30010 | D:15     | Reached skill level 21 in Fighting
 30301 | D:15     | Found a runed translucent gate.
 30301 | D:15     | Found a runed translucent gate.
 30301 | D:15     | Found a runed translucent gate.
 30535 | D:15     | Noticed MuffinSoup's ghost (journeyman OpHW)
 30553 | D:15     | Killed MuffinSoup's ghost
 30554 | D:15     | Reached XP level 23. HP: 184/184 MP: 0/0
 30554 | D:15     | Learned a level 7 spell: Summon Hydra
 30801 | Depths:1 | Entered Level 1 of the Depths
 30801 | Depths:1 | Found a one-way gate to the infinite horrors of the Abyss.
 30982 | Depths:1 | Found a shimmering altar of Xom.
 31044 | Depths:1 | Found a shimmering altar of Xom.
 31097 | Depths:1 | Found a shimmering altar of Xom.
 31098 | Depths:1 | Found a shimmering altar of Xom.
 31101 | Depths:1 | Found a shimmering altar of Xom.
 31248 | Depths:1 | Found a gateway to Hell.
 31486 | Depths:1 | Found a one-way gateway to a ziggurat.
 31606 | Depths:1 | Found a hide-covered altar of Uskayaw.
 32226 | Depths:2 | Identified the +6 short sword "Dama" {speed, rPois SInv}
 32237 | Depths:2 | Reached skill level 5 in Axes
 32482 | Depths:2 | Found a one-way gate leading to the halls of Pandemonium.
 32491 | Depths:2 | Found Komu Tun's Magic Scroll Emporium.
 32493 | Depths:2 | Found Kucivaos's Assorted Antiques.
 32496 | Depths:2 | Found Zauquuz's Magic Scroll Emporium.
 32499 | Depths:2 | Bought a scroll of enchant armour for 105 gold pieces
 32499 | Depths:2 | Bought a scroll of enchant armour for 105 gold pieces
 32499 | Depths:2 | Bought a scroll of blinking for 105 gold pieces
 32505 | Depths:2 | Bought a scroll of enchant armour for 127 gold pieces
 32968 | Depths:3 | Noticed a caustic shrike
 32970 | Depths:3 | Noticed a caustic shrike
 32974 | Depths:3 | Noticed CInkIbrahim's ghost (veteran FoFi)
 32993 | Depths:3 | Noticed a juggernaut
 33023 | Depths:3 | Killed a juggernaut
 33201 | Depths:3 | Identified the +7 scale mail of Cloud Cover {Dex+2 SInv}
 33251 | Depths:3 | Found a transporter.
 33280 | Depths:3 | Found a corrupted altar of Lugonu.
 33336 | Depths:3 | Found a transporter.
 34054 | Slime:1  | Entered Level 1 of the Pits of Slime
 34067 | Slime:1  | Reached XP level 24. HP: 193/193 MP: 0/0
 34412 | Slime:3  | Reached skill level 22 in Fighting
 34564 | Slime:4  | Gained mutation: Your spells are a little easier to cast,
                  | but a little less powerful. [a shining eye]
 35153 | Slime:5  | Entered Level 5 of the Pits of Slime
 35210 | Slime:5  | Noticed the Royal Jelly
 35713 | Slime:5  | Killed the Royal Jelly
 35885 | Slime:5  | Reached skill level 1 in Evocations
 35944 | Slime:5  | Found the dreamshard necklace {*Dream Drain}
 35994 | Slime:5  | Identified the +7 long sword "Dragon's Doom" {speed, Int+3}
 36043 | Slime:5  | Identified the +0 scale mail "Jetzy" {rC+}
 36044 | Slime:5  | Identified the staff of fire "Kikhyidd" {+Blink rElec rF+
                  | Will++ Int-4}
 36089 | Slime:5  | Got a slimy rune of Zot
 36102 | Slime:5  | Identified the +8 morningstar of the Toadstool {freeze, rF+
                  | Dex+7}
 36712 | Vaults:1 | Entered Level 1 of the Vaults
 37121 | Vaults:1 | Found Fiytiny's Book Shop.
 37257 | Vaults:1 | Reached XP level 25. HP: 190/201 MP: 0/0
 37257 | Vaults:1 | Learned a level 9 spell: Fire Storm
 38190 | Vaults:2 | Found a staircase to the Crypt.
 38278 | Vaults:2 | Reached skill level 23 in Fighting
 38708 | Vaults:2 | Found a portal to a secret trove of treasure.
 38712 | Vaults:2 | You paid a toll of 8 scrolls of fear to enter a treasure
                  | trove
 38713 | Trove    | Entered a treasure trove
 38783 | Trove    | Acquired a manual of Spellcasting
 38992 | Vaults:2 | You are sucked into a shaft and drop 2 floors!
 39028 | Vaults:4 | Reached skill level 10 in Axes
 39037 | Vaults:4 | Noticed Xtahua
 39044 | Vaults:4 | Killed Xtahua
 39045 | Vaults:4 | Reached skill level 5 in Evocations
 39148 | Vaults:4 | Reached XP level 26. HP: 210/210 MP: 0/0
 39195 | Vaults:4 | Noticed Boris
 39221 | Vaults:4 | Killed Boris
 39358 | Vaults:4 | Found Woptiloe's Weapon Shoppe.
 39542 | Vaults:4 | Reached skill level 15 in Shields
 40446 | Vaults:3 | Found Ifaluade's Weapon Emporium.
 40628 | Vaults:3 | Found a flickering gateway to a bazaar.
 40643 | Bazaar   | Entered a bazaar
 40657 | Bazaar   | Found Qarphinn's Armour Emporium.
 40657 | Bazaar   | Found Eskoem's Assorted Antiques.
 40668 | Bazaar   | Bought an iridescent dagger for 147 gold pieces
 40668 | Bazaar   | Identified the +6 dagger of Regicide {freeze, +Blink Int+7}
                  | (You bought it in a shop in a bazaar)
 40681 | Bazaar   | Found Xiank's Jewellery Emporium.
 40681 | Bazaar   | Found Zeod's Book Shoppe.
 40703 | Bazaar   | Found Xaolunna's Magic Scroll Shoppe.
 40708 | Bazaar   | Bought 3 scrolls of fear for 144 gold pieces
 40719 | Bazaar   | Found Qejiengi's Antique Weapon Emporium.
 40724 | Bazaar   | Bought a twisted broad axe for 243 gold pieces
 40724 | Bazaar   | Identified the +2 broad axe of Qimom {spect, Dex+6} (You
                  | bought it in a shop in a bazaar)
 40724 | Bazaar   | Bought a crystal broad axe for 243 gold pieces
 40724 | Bazaar   | Identified the +3 broad axe "Ysytol" {flame, rPois} (You
                  | bought it in a shop in a bazaar)
 40793 | Bazaar   | Bought a crude ring mail for 189 gold pieces
 40793 | Bazaar   | Identified the +2 ring mail of the Storm King {rPois} (You
                  | bought it in a shop in a bazaar)
 41261 | Vaults:3 | Identified the +12 shortbow of the Orcish Mines {drain,
                  | rF+}
 42015 | Hell     | Entered the Vestibule of Hell
 42015 | Hell     | Noticed Geryon
 42022 | Hell     | Killed Geryon
 42139 | Hell     | Gained mutation: You occasionally lose the ability to drink
                  | potions when taking damage. [a cacodemon]
 42298 | Hell     | Found a gateway to the ashen valley of Gehenna.
 42427 | Hell     | Found a gateway to the decaying netherworld of Tartarus.
 42523 | Hell     | Found a gateway to the freezing wastes of Cocytus.
 42599 | Hell     | Found a gateway to the Iron City of Dis.
 42698 | Dis:1    | Entered Level 1 of the Iron City of Dis
 42705 | Dis:1    | Found a huge runed gate.
 42705 | Dis:1    | Found a huge runed gate.
 42705 | Dis:1    | Found a huge runed gate.
 42705 | Dis:1    | Found a huge runed gate.
 42705 | Dis:1    | Found a huge runed gate.
 42818 | Geh:1    | Entered Level 1 of Gehenna
 42836 | Geh:1    | Reached XP level 27. HP: 62/183 MP: 0/0
 42836 | Geh:1    | Learned a level 9 spell: Death's Door
 42950 | Geh:1    | Reached skill level 24 in Fighting
 43020 | Geh:1    | You are sucked into a shaft and drop 1 floor!
 44436 | Tar:1    | Entered Level 1 of Tartarus
 44862 | Zig:1    | Entered Level 1 of a ziggurat
 44911 | Zig:2    | Entered Level 2 of a ziggurat
 44927 | Zig:2    | Found the +4 robe of Folly {Brill Will-∞ Int+8}
 44955 | Zig:3    | Entered Level 3 of a ziggurat
 44958 | Zig:3    | Noticed a Killer Klown
 44958 | Zig:3    | Noticed a Killer Klown
 44970 | Zig:3    | Killed a Killer Klown
 44980 | Zig:3    | Killed a Killer Klown
 45004 | Zig:3    | Identified the +0 ring mail of Submission {+Blink rElec}
 45011 | Zig:4    | Entered Level 4 of a ziggurat
 45219 | Zig:5    | Entered Level 5 of a ziggurat
 45232 | Zig:5    | Gained mutation: You are partially covered in large bone
                  | plates. (SH +4) [a shining eye]
 45252 | Zig:5    | Identified the +0 chain mail "Zisati" {rElec Dex+3}
 45255 | Zig:6    | Entered Level 6 of a ziggurat
 45355 | Zig:7    | Entered Level 7 of a ziggurat
 45431 | Zig:8    | Entered Level 8 of a ziggurat
 45446 | Zig:8    | Reached skill level 15 in Armour
 45541 | Zig:8    | Identified the staff of death "Ceuzi" {rN+ Will+ Str+4}
 45542 | Zig:8    | Identified the amulet "Ukkawn" {Acrobat rPois Int+2 Dex-5}
 45548 | Zig:8    | Identified the +9 flail "Tiuzeav" {freeze, Will+}
 45592 | Zig:9    | Entered Level 9 of a ziggurat
 45686 | Zig:10   | Entered Level 10 of a ziggurat
 45741 | Zig:10   | Identified the +3 long sword "Rasuesi" {venom, rF++}
 45744 | Zig:10   | Identified the +7 hand axe of Due Proportion {drain, rC+
                  | SInv}
 45906 | Zig:11   | Entered Level 11 of a ziggurat
 45913 | Zig:11   | Noticed a Killer Klown
 45915 | Zig:11   | Noticed Qyadin the pandemonium lord
 45921 | Zig:11   | Noticed Wisaten the pandemonium lord
 45922 | Zig:11   | Noticed Kety the pandemonium lord
 45928 | Zig:11   | Killed a Killer Klown
 45930 | Zig:11   | Killed Qyadin the pandemonium lord
 45951 | Zig:11   | Killed Wisaten the pandemonium lord
 45963 | Zig:11   | Killed Kety the pandemonium lord
 46022 | Zig:11   | Identified the ring of Somn {Ice *Slow Int+5 Dex+5}
 46028 | Zig:11   | Identified the ring of Puor {rCorr MP+9 Dex+2}
 46043 | Zig:11   | Identified the +7 spear "Cucsoet" {drain, rC+ Str+3 Dex+5}
 46058 | Zig:12   | Entered Level 12 of a ziggurat
 46129 | Zig:12   | Identified the staff of fire "Ocausul" {rElec rF+ Int-2
                  | Dex-4 SInv}
 46132 | Zig:12   | Identified the +6 scale mail "Suh Buaf" {Harm rN+ Will-
                  | Str+2}
 46153 | Zig:12   | Identified the ring of the Tempest {*Slow MP+9 Dex+3 Slay+4
                  | Stlth+}
 46165 | Zig:12   | Identified the staff of cold "Zakuwke" {rElec rC+ rN++
                  | Int-2 SInv}
 46360 | Depths:3 | Killed CInkIbrahim's ghost
 46447 | Depths:3 | Identified the ring "Duqed" {rN++ MP+9}
 46541 | Depths:4 | Entered Level 4 of the Depths
 46628 | Depths:4 | Reached skill level 15 in Axes
 47084 | Depths:4 | Found a gate to the Realm of Zot.
 47604 | Geh:6    | Reached skill level 25 in Fighting
 47700 | Coc:1    | Entered Level 1 of Cocytus
 47743 | Coc:1    | Paralysed by a wendigo for 1 turns
 48689 | Coc:5    | Noticed a shard shrike
 48694 | Coc:5    | Killed a shard shrike
 48702 | Coc:5    | Noticed a shard shrike
 48710 | Coc:5    | Killed a shard shrike
 48754 | Coc:5    | Noticed a shard shrike
 48756 | Coc:5    | Killed a shard shrike
 48848 | Coc:5    | Noticed a shard shrike
 48849 | Coc:5    | Killed a shard shrike
 49011 | Coc:6    | Noticed a shard shrike
 49011 | Coc:6    | Noticed a shard shrike
 49011 | Coc:6    | Noticed a shard shrike
 49013 | Coc:6    | Noticed a shard shrike
 49013 | Coc:6    | Killed a shard shrike
 49013 | Coc:6    | Killed a shard shrike
 49015 | Coc:6    | Killed a shard shrike
 49023 | Coc:6    | Killed a shard shrike
 49033 | Coc:6    | Noticed a shard shrike
 49034 | Coc:6    | Killed a shard shrike
 49036 | Coc:6    | Noticed a shard shrike
 49039 | Coc:6    | Noticed a shard shrike
 49231 | Coc:6    | Killed a shard shrike
 49232 | Coc:6    | Killed a shard shrike
 49284 | Coc:6    | Noticed a shard shrike
 49287 | Coc:6    | Noticed a shard shrike
 49288 | Coc:6    | Killed a shard shrike
 49291 | Coc:6    | Killed a shard shrike
 49294 | Coc:6    | Noticed a shard shrike
 49297 | Coc:6    | Killed a shard shrike
 49320 | Coc:6    | Noticed a shard shrike
 49323 | Coc:6    | Killed a shard shrike
 49325 | Coc:6    | Noticed a shard shrike
 49327 | Coc:6    | Killed a shard shrike
 49328 | Coc:6    | Reached skill level 10 in Evocations
 49348 | Coc:6    | Noticed a shard shrike
 49350 | Coc:6    | Killed a shard shrike
 49488 | Coc:7    | Entered Level 7 of Cocytus
 49623 | Coc:7    | Noticed a shard shrike
 49628 | Coc:7    | Killed a shard shrike
 49632 | Coc:7    | Noticed a shard shrike
 49633 | Coc:7    | Killed a shard shrike
 49637 | Coc:7    | Noticed a shard shrike
 49641 | Coc:7    | Killed a shard shrike
 49785 | Coc:7    | Noticed a shard shrike
 49785 | Coc:7    | Noticed a shard shrike
 49785 | Coc:7    | Noticed a shard shrike
 49787 | Coc:7    | Killed a shard shrike
 49803 | Coc:7    | Killed a shard shrike
 49891 | Coc:7    | Noticed a shard shrike
 49894 | Coc:7    | Killed a shard shrike
 49961 | Coc:7    | Noticed a shard shrike
 49962 | Coc:7    | Killed a shard shrike
 49971 | Coc:7    | Noticed a shard shrike
 49974 | Coc:7    | Killed a shard shrike
 50214 | Coc:7    | Noticed a shard shrike
 50221 | Coc:7    | Killed a shard shrike
 50222 | Coc:7    | Reached skill level 26 in Fighting
 50243 | Coc:7    | Noticed a shard shrike
 50245 | Coc:7    | Killed a shard shrike
 50246 | Coc:7    | Killed a shard shrike
 50261 | Coc:7    | Identified the +3 battleaxe of Xoamo {speed, Str+3}
 50261 | Coc:7    | Noticed Antaeus
 50294 | Coc:7    | Killed Antaeus
 50316 | Coc:7    | Got an icy rune of Zot
 50924 | Zot:1    | Entered Level 1 of the Realm of Zot
 51279 | Zot:1    | Noticed a Killer Klown
 51280 | Zot:1    | Noticed a Killer Klown
 51308 | Zot:1    | Killed a Killer Klown
 51309 | Zot:1    | Killed a Killer Klown
 52648 | Zot:3    | Identified the +1 scale mail "Suefidat" {Int+3}
 53204 | Zot:4    | Noticed a Killer Klown
 53211 | Zot:4    | Killed a Killer Klown
 53346 | Zot:4    | Noticed a Killer Klown
 53346 | Zot:4    | Noticed a Killer Klown
 53346 | Zot:4    | Noticed a Killer Klown
 53348 | Zot:4    | Killed a Killer Klown
 53348 | Zot:4    | Killed a Killer Klown
 53349 | Zot:4    | Killed a Killer Klown
 53391 | Zot:4    | Reached skill level 27 in Fighting
 53423 | Zot:4    | Noticed a Killer Klown
 53425 | Zot:4    | Killed a Killer Klown
 54188 | Zot:5    | Entered Level 5 of the Realm of Zot
 54318 | Zot:5    | Noticed an orb of fire
 54318 | Zot:5    | Noticed a Killer Klown
 54318 | Zot:5    | Noticed a Killer Klown
 54318 | Zot:5    | Noticed an orb of fire
 54318 | Zot:5    | Noticed an orb of fire
 54318 | Zot:5    | Noticed a Killer Klown
 54322 | Zot:5    | Gained mutation: You sometimes lose the ability to drink
                  | potions when taking damage. [an orb of fire]
 54330 | Zot:5    | Killed an orb of fire
 54330 | Zot:5    | Killed a Killer Klown
 54330 | Zot:5    | Killed a Killer Klown
 54331 | Zot:5    | Killed a Killer Klown
 54336 | Zot:5    | Gained mutation: Your movements are slightly less
                  | encumbered by armour. (ER -2) [an orb of fire]
 54338 | Zot:5    | Killed an orb of fire
 54338 | Zot:5    | Killed an orb of fire
 54341 | Zot:5    | Killed from afar by a white draconian stormcaller

Illustrated notes

Levels and vault maps discovered:
D:1:      roderic_octagonal_star, layout_basic, serial_glass, glass_columns_a,
          glass_columns_a, hellmonk_ecumenical_altar_inner_sanctum,
          chequers_serial_rivers_room_a, minmay_lizard_king
D:2:      layout_basic, basic_altar, serial_shops, nicolae_shop_rolled_up,
          uniq_terence
D:3:      layout_rooms, nicolae_ru_sacrificial_ziggurat,
          nicolae_gozag_seed_capital
D:4:      layout_cave_pools, mainiacjoe_overflow_tiny_flanked,
          lemuel_temple_firewalk_b, serial_forest,
          infiniplex_forest_lined_4_way, infiniplex_forest_straight_2,
          infiniplex_forest_fountain, infiniplex_forest_straight_5,
          infiniplex_forest_clump_long, infiniplex_forest_lined_3_way,
          infiniplex_forest_clump_long, gup_ossuary_entry_pyramid,
          minmay_a_box_with_orc_wizards_in_it
D:5:      layout_gridville, serial_shops, shop
D:6:      layout_loops_corners, elyvilon_altar_5, fedhas_altar_4,
          cheibrodos_sewer_entry_drain
D:7:      layout_loops_cross, nicolae_hepliaklqana_monster_ancestors,
          grunt_tough_drop
D:8:      layout_rooms, gammafunk_ghost_nasty_kobolds
D:9:      nicolae_cairo_tiling_very_big, layout_loops_cross,
          mainiacjoe_overflow_alcove_1,
          mainiacjoe_overflow_concentric_impassable, serial_park_tiny_2
D:10:     layout_rooms, tgw_trog, grunt_temple_overflow_cloverleaf,
          lair_entry_dummy, david_orc_1_choice, serial_park_tiny_1
D:11:     layout_long_grid, serial_shops, shop, st_stairs_6,
          nicolae_sif_muna_little_library
D:12:     layout_loops_ring, serial_shops, nicolae_stop_n_shop_2
D:13:     layout_irregular_city, muffindrake_ghost_dual_entry,
          serial_bayou_lagoon_b
D:14:     layout_stronghold, erik_vaults_1, chequers_serial_rivers_micro_d,
          serial_shops, nicolae_shop_temple_entry_statues_fountains, eino_jars
D:15:     hangedman_depths_entry_civil_slaughter, layout_cave_pods,
          nicolae_kikubaaqudgha_miasma_corner, ebering_ghost_rock_garden,
          uniq_jorgrun
Temple:   compressed_dpeg_triangle_lava_temple
Lair:1:   layout_cave_pods, basic_altar, gammafunk_ghost_cemetery,
          beast_lair_carwin_1, lemuel_fruit_fields
Lair:2:   layout_regular_city, elwin_shoals_entry_stream,
          minmay_snake_entry_guardpost_medium, nicolae_lair_lil_pond,
          hellmonk_guarded_unrand_seven_league_boots, uniq_amaemon
Lair:3:   layout_gridlike
Lair:4:   dreamdust_cave_troll, layout_cellular_growth, enter_volcano_2
Lair:5:   minmay_lair_end_enchanted_forest, layout_long_grid, slime_entry_2,
          basic_altar, disabler_island
Shoals:1: nicolae_shoals_mermall, layout_shoals,
          portal_ice_cave_entry_pillars_2, hangedman_shoals_cup_caves,
          uniq_frances, uniq_nikola
Shoals:2: layout_shoals, ebering_ghost_disaster_area
Shoals:3: layout_shoals, uniq_roxanne
Shoals:4: shoals_end_hellmonk_lost_city
Snake:1:  layout_rooms, grunt_megastairs_5, uniq_aizul
Snake:2:  layout_cave_shapes, serial_shops, nicolae_lakefront_shop, shop,
          shop_statue, shop, nicolae_shop_stone
Snake:3:  layout_cave_shapes, minmay_shop_grove, grunt_megastairs_3,
          serial_bayou_shore_a, serial_bayou_shore_b, uniq_louise
Snake:4:  minmay_snake_end_coiled, layout_cave_town
Slime:1:  layout_caves
Slime:2:  layout_caves, nicolae_slime_getting_an_eyeful
Slime:3:  cheibrodos_slime_lost_civilization_9, layout_caves
Slime:4:  layout_caves, nicolae_slime_round_cave
Slime:5
Orc:1:    layout_diamond_mine, uniq_josephine, uniq_nergalle, uniq_gastronok
Orc:2:    kennysheep_orc_mage_school, layout_caves, kennysheep_orc_chapel
Elf:1:    elf_arrival_002, layout_geoelf_grid, hangedman_elf_disciples,
          lemuel_flamethrower_1, lemuel_upstairs_altar, uniq_agnes
Elf:2:    nicolae_elf_blades_splatter_lattice [nicolae_blade_tridents],
          layout_onion_city, serial_hangedman_research,
          hangedman_research_quantum, hangedman_research_thermodynamics,
          hangedman_research_probablistics, hangedman_research_electronics,
          hangedman_research_metamorphosis, uniq_donald
Elf:3:    nooodl_elf_gasket, layout_geoelf_octagon,
          amcnicky_mini_corridor_feature
Vaults:1: nicolae_vaults_spaceships, nicolae_vaults_surprise_closet,
          nicolae_vaults_murder_corner, nicolae_vaults_trapezoid_lopsided_4,
          nicolae_vaults_stepped_doors, vaults_dpeg_diagonal,
          nicolae_vaults_trapezoid_3, v_alt_pattern_2,
          hangedman_vaults_restitches, vaults_room_pool, v_misc_32,
          nicolae_vaults_tetromino_Z_1, layout_vaults_ring, serial_shops, shop
Vaults:2: vaults_room_hallway, ontoclasm_vaults_idyll, v_alt_pattern_1,
          minmay_crypt_entry_vampire_xt, vaults_mumra_minichess,
          nicolae_vaults_sealed_display, v_alt_pattern_5, v_misc_29,
          nicolae_vaults_trapezoid_1, nicolae_vaults_surprise_closet,
          layout_vaults_omnicross, enter_trove_5
Vaults:3: st_more_cells, nicolae_vaults_triangles, hangedman_vaults_cutoff,
          vaults_mumra_chevron, nicolae_vaults_weapon_check,
          hangedman_vaults_trim, ontoclasm_vaults_ligature,
          layout_vaults_omnigrid, serial_shops, bzr_entry_gold, shop
Vaults:4: grunt_vaults_hallway_long, vaults_room_pools,
          nicolae_vaults_trapezoid_lopsided_1, vaults_standard_mumra_lines,
          v_rooms_1, ontoclasm_vaults_ring_large, nicolae_vaults_house_2,
          nicolae_vaults_trapezoid_1, nicolae_vaults_closet_pinwheel_2,
          hangedman_vaults_locks, v_pattern_3, vaults_mumra_minichess_inversion,
          ontoclasm_vaults_claustrophobia, vaults_mumra_lcd,
          hangedman_vaults_stretched_pinwheel, nicolae_vaults_apartment_1,
          v_misc_13, hangedman_vaults_stretched_pinwheel, layout_vaults_maze,
          serial_shops, nicolae_shop_back_alley_shop, uniq_xtahua, uniq_boris
Depths:1: layout_gridlike, enter_ziggurat_f, hangedman_geh_valley,
          xom_redecorated, abyss_entry, grunt_decor_cap,
          nicolae_uskayaw_suspiria
Depths:2: minmay_polygon_palace, layout_gridlike, pan_entry, hell_entry,
          minmay_shop_star
Depths:3: kennysheep_demon_jail, layout_cave_shapes,
          gammafunk_ghost_berserking_beasts, abyss_entry_flame_altar,
          serial_co_window_serial, co_window_paths_a, co_window_paths_a,
          co_window_paths_a, co_window_paths_a, co_window_paths_b,
          co_window_broadway_c, co_window_broadway_b, co_window_broadway_b,
          glass_columns_b, glass_columns_a, glass_columns_c, glass_columns_b,
          hell_entry, minmay_staircase_windowed_small
Depths:4: grunt_zot_entry_tricorne, layout_basic, hellmouth_1
Hell
Dis:1:    layout_jigsaw, door_vault
Geh:1:    layout_gehenna_pools_box
Geh:2:    layout_gehenna_lava_caves, lemuel_flamethrower_3
Geh:3:    layout_gehenna_lava_caves
Geh:4:    layout_gehenna_lava_caves
Geh:5:    layout_gehenna_lava_caves
Geh:6:    layout_gehenna_pools_box, hangedman_elemental_grid_stream
Coc:1:    layout_cocytus_delve
Coc:2:    layout_ice_bergs
Coc:3:    layout_cocytus_delve
Coc:4:    layout_cocytus_delve
Coc:5:    nooodl_cocytus_jagged_cave
Coc:6:    layout_ice_bergs
Coc:7:    coc_old
Tar:1:    layout_cathedral_of_symmetry
Zot:1:    grunt_zot_stairs_faceoff, layout_misc_corridors,
          hangedman_zot_decor_slant, hangedman_hellfire_club
Zot:2:    layout_cathedral_of_symmetry
Zot:3:    layout_basic, uniq_josephina
Zot:4:    circus_mu, layout_twisted_circle
Zot:5:    layout_gridlike

Skill      XL: |  1  2  3  4  5  6  7  8  9 10 11 12 13 14 15 16 17 18 19 20 21 22 23 24 25 26 27 |
---------------+----------------------------------------------------------------------------------+-----
Fighting       | 1 2 3 5 6 8 9 11 12 13 14 15 16 17 18 20 21 22 23 27 | 27.0
Dodging        | 3 4 5 7 8 9 10 11 12 13 14 | 14.8
Spellcasting   | 4 5 6 7 8 9 10 11 12 13 14 15 16 17 22 | 22.2
Shields        | 2 4 5 6 7 8 9 10 11 12 13 14 15 18 | 18.6
Armour         | 1 3 4 5 6 7 8 9 10 11 12 13 14 18 | 18.0
Invocations    | 1 3 4 5 6 7 8 9 |  9.4
Polearms       | 3 5 6 7 8 10 11 12 13 | 13.7
Axes           | 3 6 8 10 12 16 | 16.0
Evocations     | 2 5 6 13 | 13.0
Stealth        | |  1.6

Action                     |  1- 3 |  4- 6 |  7- 9 | 10-12 | 13-15 | 16-18 | 19-21 | 22-24 | 25-27 || total
---------------------------+-------+-------+-------+-------+-------+-------+-------+-------+-------++-------
  Melee: Unarmed           |     1 |    27 |       |       |       |       |       |       |       ||    28
         Punch             |       |     1 |       |     1 |       |       |       |       |       ||     2
         Spear             |       |       |       |    75 |   254 |   223 |   599 |   682 |   833 ||  2666
         Broad axe         |       |       |       |       |       |       |       |   147 |   162 ||   309
   Fire: Sling             |       |       |   131 |    98 |       |       |       |       |       ||   229
   Cast: Magic Dart        |    61 |    87 |    66 |    45 |   193 |   262 |   153 |    37 |   224 ||  1128
         Searing Ray       |     3 |     7 |     4 |       |       |       |       |       |       ||    14
         Fulminant Prism   |       |     4 |     5 |    30 |     7 |     8 |    22 |       |     2 ||    78
         Iskenderun's Myst |       |       |    30 |    88 |   146 |    89 |   186 |   189 |   383 ||  1111
         Necrotise         |       |       |     8 |       |    39 |       |       |       |       ||    47
         Hailstorm         |       |       |       |    13 |   152 |   136 |    61 |    35 |    72 ||   469
         Mephitic Cloud    |       |       |       |     4 |     6 |     4 |     2 |       |     1 ||    17
         Summon Mana Viper |       |       |       |     7 |     4 |    11 |    15 |     7 |     2 ||    46
         Death Channel     |       |       |       |       |     2 |     3 |    15 |    10 |    46 ||    76
         Summon Cactus Gia |       |       |       |       |       |    10 |    71 |    47 |    34 ||   162
         Haunt             |       |       |       |       |       |       |   153 |   201 |   218 ||   572
         Monstrous Menager |       |       |       |       |       |       |    51 |    23 |    16 ||    90
         Summon Hydra      |       |       |       |       |       |       |       |    79 |   109 ||   188
         Fire Storm        |       |       |       |       |       |       |       |       |   185 ||   185
 Invoke: Elemental Force   |       |       |       |       |       |       |       |     5 |     6 ||    11
         Upheaval          |       |       |       |       |       |       |       |       |     6 ||     6
         Disaster Area     |       |       |       |       |       |       |       |       |     2 ||     2
  Evoke: Phantom mirror    |       |       |       |       |       |       |       |       |     2 ||     2
         Lightning rod     |       |       |       |       |       |       |       |       |     4 ||     4
         Wand              |       |       |       |       |       |       |       |       |     2 ||     2
         Horn of Geryon    |       |       |       |       |       |       |       |       |     1 ||     1
         Phial of floods   |       |       |       |       |       |       |       |       |     1 ||     1
         Condenser vane    |       |       |       |       |       |       |       |       |     1 ||     1
    Use: Scroll            |       |     8 |     4 |    12 |    18 |     5 |     5 |    10 |    16 ||    78
         Potion            |       |       |       |     6 |     1 |     1 |     1 |     2 |    15 ||    26
   Stab: Distracted        |       |       |       |       |       |       |     5 |    13 |    24 ||    42
         Confused          |       |       |       |       |       |       |     2 |       |       ||     2
         Paralysed         |       |       |       |       |       |       |     1 |       |     1 ||     2
 Armour: Robe              |     2 |     6 |    14 |       |       |       |       |       |    52 ||    74
         Troll leather arm |       |       |    30 |    27 |   102 |    58 |    89 |   183 |   119 ||   608
  Dodge: Dodged            |     8 |    29 |    76 |    68 |   126 |    98 |   206 |   281 |   290 ||  1182
         Repelled          |       |       |       |       |     2 |    12 |    23 |    19 |    28 ||    84
  Block: Other             |       |       |       |     5 |       |       |       |       |       ||     5
         Kite shield       |       |       |       |    17 |   264 |   255 |   334 |       |       ||   870
         Tower shield      |       |       |       |       |       |       |   127 |  1027 |  1428 ||  2582
